Unix NetHack Version 3.7.0-62 Work-in-progress - last build Aug 24 2022 02:59:55 (1754fd7919031489bd266d173cb7fe17fa02ec73,branch:master).

Game began 2022-08-26 16:11:19, ended 2022-08-27 21:38:09.

rustyspoon, chaotic female human Rogue

  
unexplored area
unexplored area
unexplored area
unexplored area
unexplored area
unexplored area
unexplored area
unexplored area
unexplored area
unexplored area
unexplored area
unexplored area
unexplored area
unexplored area
unexplored area
unexplored area
unexplored area
unexplored area
unexplored area
unexplored area
unexplored area
unexplored area
unexplored area
unexplored area
unexplored area
unexplored area
unexplored area
unexplored area
unexplored area
unexplored area
unexplored area
unexplored area
unexplored area
unexplored area
unexplored area
unexplored area
unexplored area
unexplored area
unexplored area
unexplored area
unexplored area
unexplored area
unexplored area
unexplored area
unexplored area
unexplored area
unexplored area
unexplored area
unexplored area
unexplored area
unexplored area
unexplored area
unexplored area
unexplored area
unexplored area
unexplored area
unexplored area
unexplored area
unexplored area
unexplored area
unexplored area
unexplored area
unexplored area
unexplored area
unexplored area
unexplored area
unexplored area
unexplored area
unexplored area
unexplored area
unexplored area
unexplored area
unexplored area
unexplored area
unexplored area
unexplored area
unexplored area
unexplored area
unexplored area
unexplored area
unexplored area
unexplored area
unexplored area
unexplored area
unexplored area
unexplored area
unexplored area
unexplored area
unexplored area
unexplored area
unexplored area
unexplored area
unexplored area
unexplored area
unexplored area
unexplored area
unexplored area
unexplored area
unexplored area
unexplored area
unexplored area
unexplored area
unexplored area
unexplored area
unexplored area
unexplored area
unexplored area
unexplored area
unexplored area
unexplored area
unexplored area
unexplored area
unexplored area
unexplored area
unexplored area
unexplored area
unexplored area
wall
wall
wall
wall
wall
wall
wall
unexplored area
unexplored area
unexplored area
unexplored area
unexplored area
unexplored area
unexplored area
unexplored area
wall
wall
wall
wall
wall
unexplored area
unexplored area
unexplored area
unexplored area
unexplored area
unexplored area
unexplored area
unexplored area
unexplored area
unexplored area
unexplored area
unexplored area
unexplored area
unexplored area
unexplored area
unexplored area
unexplored area
unexplored area
unexplored area
unexplored area
unexplored area
unexplored area
unexplored area
unexplored area
unexplored area
unexplored area
unexplored area
unexplored area
unexplored area
unexplored area
unexplored area
unexplored area
unexplored area
unexplored area
unexplored area
unexplored area
unexplored area
unexplored area
unexplored area
unexplored area
unexplored area
unexplored area
unexplored area
unexplored area
unexplored area
unexplored area
unexplored area
unexplored area
unexplored area
unexplored area
unexplored area
unexplored area
unexplored area
unexplored area
unexplored area
unexplored area
unexplored area
unexplored area
unexplored area
.dark part of a room
.dark part of a room
.dark part of a room
.dark part of a room
.dark part of a room
.dark part of a room
.dark part of a room
.dark part of a room
unexplored area
unexplored area
unexplored area
unexplored area
unexplored area
unexplored area
.dark part of a room
.dark part of a room
.dark part of a room
.dark part of a room
.dark part of a room
.dark part of a room
.dark part of a room
unexplored area
unexplored area
unexplored area
unexplored area
unexplored area
unexplored area
unexplored area
unexplored area
unexplored area
unexplored area
unexplored area
unexplored area
unexplored area
unexplored area
unexplored area
unexplored area
unexplored area
unexplored area
unexplored area
unexplored area
unexplored area
unexplored area
unexplored area
unexplored area
unexplored area
unexplored area
unexplored area
unexplored area
unexplored area
unexplored area
unexplored area
unexplored area
unexplored area
unexplored area
unexplored area
unexplored area
unexplored area
unexplored area
unexplored area
unexplored area
unexplored area
unexplored area
unexplored area
unexplored area
unexplored area
unexplored area
unexplored area
unexplored area
unexplored area
unexplored area
unexplored area
unexplored area
unexplored area
unexplored area
unexplored area
unexplored area
unexplored area
unexplored area
wall
|open door
wall
wall
wall
wall
.dark part of a room
.dark part of a room
.dark part of a room
.dark part of a room
.dark part of a room
unexplored area
unexplored area
unexplored area
.dark part of a room
.dark part of a room
.dark part of a room
.dark part of a room
.dark part of a room
.dark part of a room
.dark part of a room
unexplored area
unexplored area
unexplored area
unexplored area
unexplored area
unexplored area
unexplored area
unexplored area
unexplored area
unexplored area
unexplored area
unexplored area
unexplored area
unexplored area
unexplored area
unexplored area
unexplored area
unexplored area
unexplored area
unexplored area
unexplored area
unexplored area
unexplored area
unexplored area
unexplored area
unexplored area
unexplored area
unexplored area
unexplored area
unexplored area
unexplored area
unexplored area
unexplored area
unexplored area
unexplored area
unexplored area
unexplored area
unexplored area
unexplored area
unexplored area
unexplored area
unexplored area
unexplored area
unexplored area
unexplored area
unexplored area
unexplored area
unexplored area
unexplored area
unexplored area
unexplored area
unexplored area
unexplored area
unexplored area
unexplored area
unexplored area
unexplored area
.dark part of a room
.dark part of a room
%a giant beetle corpse
.dark part of a room
unexplored area
unexplored area
wall
wall
.dark part of a room
.dark part of a room
.dark part of a room
.dark part of a room
.dark part of a room
.dark part of a room
.dark part of a room
.dark part of a room
.dark part of a room
.dark part of a room
.dark part of a room
.dark part of a room
.dark part of a room
.dark part of a room
unexplored area
unexplored area
unexplored area
unexplored area
unexplored area
unexplored area
unexplored area
unexplored area
unexplored area
unexplored area
unexplored area
unexplored area
unexplored area
unexplored area
unexplored area
unexplored area
unexplored area
unexplored area
unexplored area
unexplored area
unexplored area
unexplored area
unexplored area
unexplored area
unexplored area
unexplored area
unexplored area
unexplored area
unexplored area
unexplored area
unexplored area
unexplored area
unexplored area
unexplored area
unexplored area
unexplored area
unexplored area
unexplored area
unexplored area
unexplored area
unexplored area
unexplored area
unexplored area
unexplored area
unexplored area
unexplored area
unexplored area
unexplored area
unexplored area
unexplored area
unexplored area
unexplored area
unexplored area
unexplored area
unexplored area
unexplored area
unexplored area
.dark part of a room
.dark part of a room
.dark part of a room
.dark part of a room
unexplored area
unexplored area
unexplored area
wall
wall
.dark part of a room
[a pair of jackboots
.dark part of a room
.dark part of a room
.dark part of a room
.dark part of a room
.dark part of a room
.dark part of a room
.dark part of a room
.dark part of a room
.dark part of a room
unexplored area
unexplored area
unexplored area
unexplored area
unexplored area
unexplored area
unexplored area
unexplored area
unexplored area
unexplored area
unexplored area
unexplored area
unexplored area
unexplored area
unexplored area
unexplored area
unexplored area
unexplored area
unexplored area
unexplored area
unexplored area
unexplored area
unexplored area
unexplored area
unexplored area
unexplored area
unexplored area
unexplored area
unexplored area
unexplored area
unexplored area
unexplored area
unexplored area
unexplored area
unexplored area
unexplored area
unexplored area
unexplored area
unexplored area
unexplored area
unexplored area
unexplored area
unexplored area
unexplored area
unexplored area
unexplored area
unexplored area
unexplored area
unexplored area
unexplored area
unexplored area
unexplored area
unexplored area
unexplored area
unexplored area
unexplored area
unexplored area
unexplored area
unexplored area
.dark part of a room
5unknown creature causing you dread
.dark part of a room
.dark part of a room
.dark part of a room
unexplored area
unexplored area
unexplored area
wall
.dark part of a room
.dark part of a room
.dark part of a room
.dark part of a room
.dark part of a room
.dark part of a room
.dark part of a room
.dark part of a room
.dark part of a room
.dark part of a room
unexplored area
unexplored area
unexplored area
unexplored area
unexplored area
unexplored area
wall
wall
wall
wall
wall
unexplored area
unexplored area
unexplored area
unexplored area
unexplored area
unexplored area
unexplored area
unexplored area
unexplored area
unexplored area
unexplored area
unexplored area
unexplored area
unexplored area
unexplored area
unexplored area
unexplored area
unexplored area
unexplored area
unexplored area
unexplored area
unexplored area
unexplored area
unexplored area
unexplored area
unexplored area
unexplored area
unexplored area
unexplored area
unexplored area
unexplored area
unexplored area
unexplored area
unexplored area
unexplored area
unexplored area
unexplored area
unexplored area
unexplored area
unexplored area
unexplored area
unexplored area
unexplored area
unexplored area
unexplored area
unexplored area
unexplored area
unexplored area
4unknown creature causing you alarm
unexplored area
.dark part of a room
1unknown creature causing you concern
.dark part of a room
1unknown creature causing you concern
unexplored area
unexplored area
unexplored area
unexplored area
unexplored area
unexplored area
wall
wall
wall
wall
.dark part of a room
.dark part of a room
.dark part of a room
wall
unexplored area
unexplored area
unexplored area
unexplored area
unexplored area
unexplored area
wall
.dark part of a room
.dark part of a room
.dark part of a room
unexplored area
unexplored area
unexplored area
unexplored area
unexplored area
unexplored area
unexplored area
unexplored area
unexplored area
unexplored area
unexplored area
unexplored area
unexplored area
unexplored area
unexplored area
unexplored area
unexplored area
unexplored area
unexplored area
unexplored area
unexplored area
unexplored area
unexplored area
unexplored area
unexplored area
unexplored area
unexplored area
unexplored area
unexplored area
unexplored area
unexplored area
unexplored area
unexplored area
unexplored area
unexplored area
unexplored area
unexplored area
unexplored area
unexplored area
unexplored area
unexplored area
unexplored area
unexplored area
unexplored area
unexplored area
unexplored area
unexplored area
unexplored area
unexplored area
unexplored area
unexplored area
.dark part of a room
4unknown creature causing you alarm
5unknown creature causing you dread
.dark part of a room
unexplored area
unexplored area
unexplored area
unexplored area
unexplored area
unexplored area
unexplored area
unexplored area
unexplored area
wall
wall
.broken door
wall
wall
wall
wall
unexplored area
unexplored area
unexplored area
wall
wall
.dark part of a room
.dark part of a room
wall
wall
wall
wall
wall
wall
wall
wall
wall
unexplored area
unexplored area
unexplored area
unexplored area
unexplored area
unexplored area
unexplored area
unexplored area
unexplored area
unexplored area
unexplored area
unexplored area
unexplored area
unexplored area
unexplored area
unexplored area
unexplored area
unexplored area
unexplored area
unexplored area
unexplored area
unexplored area
unexplored area
unexplored area
unexplored area
unexplored area
unexplored area
unexplored area
unexplored area
unexplored area
unexplored area
unexplored area
unexplored area
unexplored area
unexplored area
unexplored area
unexplored area
unexplored area
unexplored area
wall
wall
wall
wall
wall
asoldier ant
wall
wall
wall
wall
wall
unexplored area
unexplored area
unexplored area
unexplored area
unexplored area
unexplored area
unexplored area
.dark part of a room
%a killer bee corpse
.dark part of a room
%a killer bee corpse
stone
wall
wall
unexplored area
wall
wall
.dark part of a room
.dark part of a room
.dark part of a room
wall
.dark part of a room
.dark part of a room
.dark part of a room
.dark part of a room
.dark part of a room
.dark part of a room
.dark part of a room
wall
unexplored area
unexplored area
unexplored area
unexplored area
unexplored area
unexplored area
unexplored area
unexplored area
unexplored area
unexplored area
unexplored area
unexplored area
unexplored area
unexplored area
unexplored area
unexplored area
unexplored area
unexplored area
unexplored area
unexplored area
unexplored area
unexplored area
unexplored area
unexplored area
unexplored area
unexplored area
unexplored area
unexplored area
unexplored area
unexplored area
unexplored area
unexplored area
unexplored area
unexplored area
unexplored area
unexplored area
unexplored area
wall
wall
wall
.dark part of a room
.dark part of a room
.dark part of a room
.dark part of a room
@priest of Issek
.dark part of a room
.dark part of a room
5unknown creature causing you dread
.dark part of a room
wall
wall
wall
unexplored area
unexplored area
unexplored area
unexplored area
unexplored area
.dark part of a room
/a wand
.dark part of a room
)a mace
.dark part of a room
%a giant beetle corpse
wall
wall
wall
.dark part of a room
)a mace
%a fire ant corpse
.dark part of a room
wall
.dark part of a room
.dark part of a room
.dark part of a room
.dark part of a room
.dark part of a room
.dark part of a room
.dark part of a room
wall
unexplored area
unexplored area
unexplored area
unexplored area
unexplored area
unexplored area
unexplored area
unexplored area
unexplored area
unexplored area
unexplored area
unexplored area
unexplored area
unexplored area
unexplored area
unexplored area
unexplored area
unexplored area
unexplored area
unexplored area
unexplored area
unexplored area
unexplored area
unexplored area
unexplored area
unexplored area
unexplored area
unexplored area
unexplored area
unexplored area
unexplored area
unexplored area
unexplored area
unexplored area
unexplored area
unexplored area
unexplored area
wall
.dark part of a room
.dark part of a room
.dark part of a room
.dark part of a room
4unknown creature causing you alarm
.dark part of a room
asoldier ant
.dark part of a room
4unknown creature causing you alarm
.dark part of a room
.dark part of a room
1unknown creature causing you concern
.dark part of a room
wall
unexplored area
1unknown creature causing you concern
unexplored area
unexplored area
unexplored area
.dark part of a room
stone
.dark part of a room
.dark part of a room
.dark part of a room
.dark part of a room
.dark part of a room
-open door
$20 gold pieces
%a soldier ant corpse
%a giant beetle corpse
.dark part of a room
.dark part of a room
-open door
.dark part of a room
.dark part of a room
.dark part of a room
_aligned high altar
.dark part of a room
.dark part of a room
.dark part of a room
wall
unexplored area
unexplored area
unexplored area
unexplored area
unexplored area
unexplored area
unexplored area
unexplored area
unexplored area
unexplored area
unexplored area
unexplored area
unexplored area
unexplored area
unexplored area
unexplored area
unexplored area
unexplored area
unexplored area
unexplored area
unexplored area
unexplored area
unexplored area
unexplored area
unexplored area
unexplored area
unexplored area
unexplored area
unexplored area
unexplored area
unexplored area
unexplored area
unexplored area
unexplored area
unexplored area
unexplored area
unexplored area
wall
4unknown creature causing you alarm
unexplored area
wall
wall
wall
wall
%a fire ant corpse
wall
wall
wall
wall
unexplored area
.dark part of a room
wall
unexplored area
unexplored area
unexplored area
unexplored area
unexplored area
unexplored area
.dark part of a room
.dark part of a room
.dark part of a room
.dark part of a room
.dark part of a room
wall
wall
wall
.dark part of a room
.dark part of a room
.dark part of a room
.dark part of a room
wall
.dark part of a room
.dark part of a room
.dark part of a room
.dark part of a room
.dark part of a room
.dark part of a room
.dark part of a room
wall
unexplored area
unexplored area
unexplored area
unexplored area
unexplored area
unexplored area
unexplored area
unexplored area
unexplored area
unexplored area
unexplored area
unexplored area
unexplored area
unexplored area
unexplored area
unexplored area
unexplored area
unexplored area
unexplored area
unexplored area
unexplored area
unexplored area
unexplored area
unexplored area
unexplored area
unexplored area
unexplored area
unexplored area
unexplored area
unexplored area
unexplored area
unexplored area
unexplored area
unexplored area
unexplored area
unexplored area
unexplored area
wall
5unknown creature causing you dread
5unknown creature causing you dread
wall
.floor of a room
.floor of a room
.floor of a room
.floor of a room
$22 gold pieces
.floor of a room
.floor of a room
wall
unexplored area
unexplored area
wall
unexplored area
unexplored area
unexplored area
unexplored area
unexplored area
unexplored area
unexplored area
.dark part of a room
.dark part of a room
.dark part of a room
unexplored area
unexplored area
unexplored area
wall
wall
.dark part of a room
.dark part of a room
.dark part of a room
wall
.dark part of a room
.dark part of a room
.dark part of a room
.dark part of a room
.dark part of a room
.dark part of a room
.dark part of a room
wall
unexplored area
unexplored area
unexplored area
unexplored area
unexplored area
unexplored area
unexplored area
unexplored area
unexplored area
unexplored area
unexplored area
unexplored area
unexplored area
unexplored area
unexplored area
unexplored area
unexplored area
unexplored area
unexplored area
unexplored area
unexplored area
unexplored area
unexplored area
unexplored area
unexplored area
unexplored area
unexplored area
unexplored area
unexplored area
unexplored area
unexplored area
unexplored area
unexplored area
unexplored area
unexplored area
unexplored area
unexplored area
unexplored area
unexplored area
5unknown creature causing you dread
wall
.floor of a room
.floor of a room
@peaceful high priestess of Kos
asoldier ant
.floor of a room
.floor of a room
.floor of a room
wall
5unknown creature causing you dread
unexplored area
unexplored area
unexplored area
unexplored area
unexplored area
unexplored area
unexplored area
unexplored area
unexplored area
unexplored area
unexplored area
unexplored area
unexplored area
unexplored area
unexplored area
unexplored area
wall
wall
.dark part of a room
.dark part of a room
wall
wall
wall
wall
wall
wall
wall
wall
wall
unexplored area
unexplored area
unexplored area
unexplored area
unexplored area
unexplored area
unexplored area
unexplored area
unexplored area
unexplored area
unexplored area
unexplored area
unexplored area
unexplored area
unexplored area
unexplored area
unexplored area
unexplored area
unexplored area
unexplored area
unexplored area
unexplored area
unexplored area
unexplored area
unexplored area
unexplored area
unexplored area
unexplored area
unexplored area
unexplored area
unexplored area
unexplored area
unexplored area
unexplored area
unexplored area
unexplored area
unexplored area
unexplored area
unexplored area
4unknown creature causing you alarm
wall
.floor of a room
.floor of a room
.floor of a room
@invisible human rogue called rustyspoon
.floor of a room
.floor of a room
agiant beetle
wall
unexplored area
unexplored area
unexplored area
unexplored area
unexplored area
unexplored area
unexplored area
unexplored area
unexplored area
unexplored area
unexplored area
unexplored area
unexplored area
unexplored area
unexplored area
unexplored area
unexplored area
unexplored area
wall
.dark part of a room
.dark part of a room
.dark part of a room
unexplored area
unexplored area
unexplored area
unexplored area
unexplored area
unexplored area
unexplored area
unexplored area
unexplored area
unexplored area
unexplored area
unexplored area
unexplored area
unexplored area
unexplored area
unexplored area
unexplored area
unexplored area
unexplored area
unexplored area
unexplored area
unexplored area
unexplored area
unexplored area
unexplored area
unexplored area
unexplored area
unexplored area
unexplored area
unexplored area
unexplored area
unexplored area
unexplored area
unexplored area
unexplored area
unexplored area
unexplored area
unexplored area
unexplored area
unexplored area
unexplored area
unexplored area
unexplored area
unexplored area
unexplored area
unexplored area
unexplored area
unexplored area
wall
.floor of a room
.floor of a room
.floor of a room
.floor of a room
.floor of a room
.floor of a room
.floor of a room
wall
unexplored area
unexplored area
unexplored area
unexplored area
unexplored area
unexplored area
unexplored area
unexplored area
unexplored area
unexplored area
unexplored area
unexplored area
unexplored area
unexplored area
unexplored area
unexplored area
unexplored area
unexplored area
wall
wall
wall
wall
wall
unexplored area
unexplored area
unexplored area
unexplored area
unexplored area
unexplored area
unexplored area
unexplored area
unexplored area
unexplored area
unexplored area
unexplored area
unexplored area
unexplored area
unexplored area
unexplored area
unexplored area
unexplored area
unexplored area
unexplored area
unexplored area
unexplored area
unexplored area
unexplored area
unexplored area
unexplored area
unexplored area
unexplored area
unexplored area
unexplored area
unexplored area
unexplored area
unexplored area
unexplored area
unexplored area
unexplored area
unexplored area
unexplored area
unexplored area
unexplored area
unexplored area
unexplored area
unexplored area
unexplored area
unexplored area
unexplored area
unexplored area
wall
.floor of a room
.floor of a room
.floor of a room
.floor of a room
.floor of a room
.floor of a room
.floor of a room
wall
5unknown creature causing you dread
unexplored area
unexplored area
unexplored area
unexplored area
unexplored area
unexplored area
unexplored area
unexplored area
unexplored area
unexplored area
unexplored area
unexplored area
unexplored area
unexplored area
unexplored area
unexplored area
unexplored area
unexplored area
unexplored area
unexplored area
unexplored area
unexplored area
unexplored area
unexplored area
unexplored area
unexplored area
unexplored area
unexplored area
unexplored area
unexplored area
unexplored area
unexplored area
unexplored area
unexplored area
unexplored area
unexplored area
unexplored area
unexplored area
unexplored area
unexplored area
unexplored area
unexplored area
unexplored area
unexplored area
unexplored area
unexplored area
unexplored area
unexplored area
unexplored area
unexplored area
unexplored area
unexplored area
unexplored area
unexplored area
unexplored area
unexplored area
unexplored area
unexplored area
unexplored area
unexplored area
unexplored area
unexplored area
unexplored area
unexplored area
unexplored area
unexplored area
unexplored area
unexplored area
unexplored area
wall
wall
wall
wall
wall
wall
wall
wall
wall
unexplored area
5unknown creature causing you dread
unexplored area
unexplored area
unexplored area
unexplored area
unexplored area
unexplored area
unexplored area
unexplored area
unexplored area
unexplored area
unexplored area
unexplored area
unexplored area
unexplored area
unexplored area
unexplored area
unexplored area
unexplored area
unexplored area
unexplored area
unexplored area
unexplored area
unexplored area
unexplored area
unexplored area
unexplored area
unexplored area
unexplored area
unexplored area
unexplored area
unexplored area
unexplored area
unexplored area
unexplored area
unexplored area
unexplored area
unexplored area
unexplored area
unexplored area
unexplored area
unexplored area
unexplored area
unexplored area
unexplored area
unexplored area
unexplored area
unexplored area
unexplored area
unexplored area
unexplored area
unexplored area
unexplored area
unexplored area
unexplored area
unexplored area
unexplored area
unexplored area
unexplored area
unexplored area
unexplored area
unexplored area
unexplored area
unexplored area
unexplored area
unexplored area
unexplored area
unexplored area
unexplored area
unexplored area
4unknown creature causing you alarm
unexplored area
unexplored area
unexplored area
unexplored area
unexplored area
unexplored area
unexplored area
unexplored area
unexplored area
unexplored area
unexplored area
unexplored area
unexplored area
unexplored area
unexplored area
unexplored area
unexplored area
unexplored area
unexplored area
unexplored area
unexplored area
unexplored area
unexplored area
unexplored area
unexplored area
unexplored area
unexplored area
unexplored area
unexplored area
unexplored area
unexplored area
unexplored area
unexplored area
unexplored area
unexplored area
unexplored area
unexplored area
unexplored area
unexplored area
unexplored area
unexplored area
unexplored area
unexplored area
unexplored area
unexplored area
unexplored area
unexplored area
unexplored area
unexplored area
unexplored area
unexplored area
unexplored area
unexplored area
unexplored area
unexplored area
unexplored area
unexplored area
unexplored area
unexplored area
unexplored area
unexplored area
unexplored area
unexplored area
unexplored area
unexplored area
unexplored area
unexplored area
unexplored area
unexplored area
unexplored area
unexplored area
unexplored area
unexplored area
unexplored area
unexplored area
unexplored area
unexplored area
unexplored area
unexplored area
unexplored area
unexplored area
unexplored area
unexplored area
unexplored area
unexplored area
unexplored area
unexplored area
unexplored area
unexplored area
unexplored area
unexplored area
unexplored area
unexplored area
unexplored area
unexplored area
unexplored area
unexplored area
unexplored area
unexplored area
unexplored area
unexplored area
unexplored area
unexplored area
unexplored area
unexplored area
unexplored area
unexplored area
unexplored area
unexplored area
unexplored area
unexplored area
unexplored area
unexplored area
unexplored area
unexplored area
unexplored area
unexplored area
unexplored area
unexplored area
unexplored area
unexplored area
[Rustyspoon the Robber ] St:18/46 Dx:16 Co:18 In:17 Wi:18 Ch:10 Chaotic Astral Plane $:0 HP:205(206) Pw:14(21) AC:-27 Xp:15 T:33763 Satiated Fly

Latest messages:

The Angel of Moloch swings his long sword.
The Angel of Moloch hits!
The Angel of Moloch misses!
The Angel of Moloch casts a spell at you!
You are hit by a shower of missiles!
The missiles bounce off!
You hear a mumbled curse.
The black blade draws the life from the fire ant!
You kill the fire ant!
The soldier ant misses!
The soldier ant misses!
The captain zaps a wand of fire!
The priest of Kos' wooden shield smoulders!
The bolt of fire hits the priest of Kos!
The bolt of fire hits you!
But it reflects from your armor!
The priest of Kos' robe smoulders!
The bolt of fire hits the priest of Kos!
The bolt of fire misses the captain.
The renegade priest of Kos' robe smoulders!
The bolt of fire hits the renegade priest of Kos!
The priest of Issek wields a mace!
The mace welds itself to the priest of Issek's hand!
The renegade priest of Kos wields a mace!
You hear a mumbled curse.
The Angel of Moloch points at you, then curses.
The high priestess intones:
"Pilgrim, you enter a sacred place!"
There is a doorway here.
You see here a fire ant corpse.
The soldier ant strikes at thin air!
The soldier ant attacks a spot beside you.
The Angel of Moloch points at you, then curses.
You hear a mumbled curse.
The soldier ant turns to flee.
You hear a chugging sound.
You hear a chugging sound.
You hear a chugging sound.
The priest of Issek zaps a wand of striking!
The wand hits the soldier ant!
The wand hits the soldier ant!
Boing!
There is a high altar to Kos (chaotic) here.
What do you want to sacrifice? [d or ?*]
You offer the Amulet of Yendor to Kos...
An invisible choir sings, and you are bathed in radiance...
The voice of Kos booms out: "Mortal, thou hast done well!"
"In return for thy service, I grant thee the gift of Immortality!"
You ascend to the status of Demigoddess...
Do you want your possessions identified? [ynq] (y)

Major events:

Turn

1: rustyspoon the chaotic female human Rogue entered the dungeon
1275: attained the rank of Cutpurse (level 3)
1745: entered the Gnomish Mines
3730: was bestowed with Stormbringer by Kos
3909: attained the rank of Rogue (level 6)
4516: reached Mine Town
7845: performed her first genocide (master mind flayers)
7918: entered Sokoban
8178: completed sokoban 1
8568: completed sokoban 2
8802: completed sokoban 3
9461: completed sokoban 4
9677: acquired the Sokoban amulet of reflection
11680: attained the rank of Pilferer (level 10)
12273: acquired the Mines' End luckstone
13755: entered the Bigroom
19620: killed Medusa
21293: made her first wish - "blessed greased bag of holding", got "a greased bag"
23851: wished for "blessed greased +2 silver dragon scale mail", got "a greased silver dragon scale mail"
24650: entered Gehennom
26401: attained the rank of Robber (level 14)
27439: found the Master Key of Thievery on the floor
27456: killed the Master Assassin
27458: acquired the Bell of Opening
27921: wished for "blessed magic marker", got "a magic marker"
27921: wished for "blessed amulet of flying", got "a concave amulet"
27993: wished for "blessed magic marker", got "a magic marker"
28795: killed Juiblex
29058: bribed Asmodeus with 83 zorkmids for safe passage
29991: destroyed Vlad the Impaler
29993: acquired the Candelabrum of Invocation
30281: bribed Baalzebub with 10 zorkmids for safe passage
30785: killed Orcus
32123: killed the Wizard of Yendor
32124: acquired the Book of the Dead
32165: performed the invocation
32279: killed the high priest of Moloch
32285: acquired The Amulet of Yendor
32402: killed the Wizard of Yendor (2nd time)
32684: killed the Wizard of Yendor (3rd time)
33576: entered the Elemental Planes
33576: entered Plane of Earth
33577: killed the Wizard of Yendor (5th time)
33601: entered Plane of Air
33641: entered Plane of Fire
33653: entered Plane of Water
33683: entered the Astral Plane
33696: killed Pestilence
33718: killed Pestilence (2nd time)
33763: ascended

Inventory:

Amulets

Q - a blessed amulet of flying (being worn)

Weapons

a - the blessed rustproof +7 Stormbringer (wielded in right hand)
w - an uncursed +5 silver saber (wielded in left hand)

Armor

A - an uncursed fireproof +5 Hawaiian shirt with a flamingo motif (being worn)
B - a blessed greased +5 silver dragon scale mail (being worn)
C - a blessed fireproof +4 cloak of magic resistance (being worn)
D - a blessed fireproof +4 pair of speed boots (being worn)
E - an uncursed burnt +0 pair of leather gloves (being worn)
F - an uncursed very rusty +0 dwarvish iron helm (being worn)

Comestibles

L - an uncursed partly eaten lizard corpse named KFC

Rings

n - an uncursed ring of warning (on right hand)
p - an uncursed ring of free action (on left hand)

Wands

c - an uncursed wand of death (0:1)
h - an uncursed wand of teleportation (0:2)
r - an uncursed wand of teleportation (0:5)
z - an uncursed wand of digging (0:1)
J - an uncursed wand of death (1:4)

Tools

b - a blessed bag of holding containing 95 items
e - a cursed stethoscope
i - an uncursed bugle
k - the blessed Master Key of Thievery
s - an uncursed sack named cancellation containing 1 item
t - an uncursed wet towel
u - a blessed +0 unicorn horn named mmf
R - a blessed magic marker (0:46)

Gems/Stones

x - a blessed luckstone

Contents of the bag of holding:

an uncursed amulet of guarding
an uncursed amulet of life saving
an uncursed amulet of life saving
an uncursed amulet of life saving
a blessed amulet of life saving
an uncursed amulet of reflection
10 uncursed +7 daggers
an uncursed +0 helm of opposite alignment
an uncursed +0 pair of jumping boots
an uncursed +0 oilskin cloak
an uncursed +0 mummy wrapping
12 uncursed C-rations
5 uncursed K-rations
an uncursed lizard corpse named MCD
2 blessed scrolls of scare monster
2 blessed scrolls of scare monster
a blessed scroll of blank paper
38 uncursed scrolls of blank paper
2 cursed scrolls of blank paper
2 blessed scrolls of charging
2 uncursed scrolls of create monster
an uncursed scroll of destroy armor
a blessed scroll of earth
2 uncursed scrolls of earth
an uncursed scroll of enchant armor
an uncursed scroll of fire
an uncursed scroll of food detection
a blessed scroll of punishment
an uncursed scroll of remove curse
an uncursed scroll of stinking cloud
4 uncursed scrolls of taming
a cursed scroll of teleportation
29 potions of holy water
a potion of unholy water
a blessed potion of enlightenment
an uncursed diluted potion of extra healing
4 blessed diluted potions of full healing
an uncursed potion of hallucination
a blessed potion of levitation
2 uncursed potions of levitation
2 uncursed potions of paralysis
3 uncursed potions of restore ability
an uncursed ring of teleport control
an uncursed ring of protection from shape changers
an uncursed ring of slow digestion
an uncursed wand of slow monster (0:3)
an uncursed wand of cold (0:6)
an uncursed wand of digging (0:7)
an uncursed wand of digging (0:8)
an uncursed wand of digging (0:6)
an uncursed wand of digging (0:4)
an uncursed wand of digging (0:7)
an uncursed wand of digging (0:5)
an uncursed wand of digging (0:8)
an uncursed wand of digging (0:5)
an uncursed wand of digging (0:4)
a cursed wand of digging (0:4)
an uncursed wand of enlightenment (0:13)
an uncursed wand of fire (0:6)
an uncursed wand of fire (0:0)
an uncursed wand of fire (0:4)
an uncursed wand of fire (0:7)
an uncursed wand of fire (0:8)
an uncursed wand of fire (0:7)
an uncursed wand of fire (0:5)
an uncursed wand of fire (0:8)
a blessed wand of lightning (0:1)
an uncursed wand of lightning (0:5)
an uncursed wand of lightning (0:5)
an uncursed wand of lightning (0:4)
an uncursed wand of secret door detection (0:13)
an uncursed wand of secret door detection (0:13)
an uncursed wand of sleep (0:3)
an uncursed wand of sleep (0:5)
an uncursed wand of speed monster (0:4)
an uncursed wand of striking (0:4)
an uncursed wand of striking (0:4)
an uncursed wand of striking (0:4)
an uncursed wand of striking (0:4)
an uncursed wand of striking (0:4)
an uncursed wand of striking (0:6)
an uncursed wand of striking (0:6)
an uncursed wand of teleportation (0:8)
an uncursed wand of teleportation (0:5)
an uncursed wand of teleportation (0:4)
an uncursed tallow candle
an uncursed +5 pick-axe
3 uncursed opals
an uncursed amethyst stone
an uncursed aquamarine stone
3 uncursed black opals
4 uncursed diamonds
5 uncursed emeralds
3 uncursed rubies
2 uncursed topaz stones

Contents of the sack named cancellation:

an uncursed wand of cancellation (0:2)

Rustyspoon the Rogue's attributes:


Background:

You were a Robber, a level 15 female human Rogue.
You were chaotic, on a mission for Kos
who was opposed by Issek (lawful) and Mog (neutral).
You were in the endgame, on the Astral Plane.
You entered the dungeon 33763 turns ago.
There was a new moon in effect when your adventure ended.
You had 280577 experience points, 39423 more were needed to attain level 16.

Basics:

You had 205 out of 206 hit points.
You had 14 out of 21 energy points (spell power).
Your armor class was -27.
Your wallet was empty.
Autopickup was off.

Final Characteristics:

Your strength was 18/46 (peak:18/47, limit:18/100).
Your dexterity was 16 (peak:18, limit:18).
Your constitution was 18 (limit:18).
Your intelligence was 17 (limit:18).
Your wisdom was 18 (limit:18).
Your charisma was 10 (limit:18).

Final Status:

You were flying.
You were satiated.
You were unencumbered.
You were wielding two weapons at once.
You were skilled in broadsword and two weapons.
You also were skilled in saber and two weapons.

Final Attributes:

You were piously aligned.
You were magic-protected.
You were fire resistant.
You were cold resistant.
You were sleep resistant.
You were disintegration-resistant.
You were poison resistant.
You were level-drain resistant.
You saw invisible.
You were telepathic.
You were warned.
You had automatic searching.
You were invisible to others.
You were stealthy.
You had teleport control.
You had a moderate defense bonus (+8).
You were warded.
You took half physical damage.
You were very fast.
You had reflection.
You had free action.
You were extremely lucky.
You had extra luck.
Good luck did not time out for you.
You survived.

Miscellaneous:
You never encountered a bones level.
Total elapsed playing time was 5 hours, 8 minutes and 29 seconds.

Vanquished creatures:

Orcus
Juiblex
the Wizard of Yendor (5 times)
Pestilence (twice)
Vlad the Impaler
a high cleric
Medusa
5 krakens
an iron golem
3 master liches
a glass golem
2 balrogs
7 purple worms
2 gray dragons
a gold dragon
2 silver dragons
a red dragon
2 white dragons
an orange dragon
2 black dragons
a blue dragon
3 green dragons
3 yellow dragons
15 minotaurs
2 jabberwocks
the Master Assassin
2 baluchitheria
an Angel
4 demiliches
a stone golem
6 Olog-hai
2 Nazgul
4 pit fiends
5 sandestins
4 displacer beasts
3 titanotheres
17 guardian nagas
4 genetic engineers
a disenchanter
25 vampire leaders
a skeleton
10 aligned clerics
3 captains
6 shades
13 liches
7 nurses
2 ice devils
a nalfeshnee
4 lurkers above
2 Aleaxes
a frost giant
an ettin
2 golden nagas
4 black puddings
24 vampires
10 lieutenants
35 ghosts
a queen bee
a winged gargoyle
a mind flayer
6 giant mimics
2 long worms
2 zruties
3 fire giants
2 ogre tyrants
7 rock trolls
3 umber hulks
3 flesh golems
4 elven monarchs
2 doppelgangers
8 hezrous
4 bone devils
8 large mimics
3 fire vortices
a baby purple worm
6 couatls
5 stalkers
8 air elementals
a fire elemental
3 earth elementals
2 water elementals
3 hill giants
2 black nagas
4 xorns
11 giant zombies
14 sergeants
a barbed devil
8 vrocks
a salamander
12 wargs
a winter wolf
2 hell hound pups
8 small mimics
3 glass piercers
a warhorse
5 steam vortices
12 xans
4 ettin mummies
2 ogre leaders
2 quantum mechanics
11 trolls
3 wood golems
an erinys
2 mariliths
4 sharks
3 gelatinous cubes
3 pyrolisks
3 large dogs
a freezing sphere
8 flaming spheres
5 shocking spheres
3 large cats
3 tigers
5 gargoyles
4 dwarf rulers
7 tengu
7 ochre jellies
7 leocrottas
3 energy vortices
2 mountain centaurs
3 stone giants
4 elf mummies
6 human mummies
7 red nagas
5 pythons
6 pit vipers
4 cobras
34 wraiths
4 carnivorous apes
10 ettin zombies
2 leather golems
2 Grey-elves
78 soldiers
5 amorous demons
6 horned devils
22 chameleons
a crocodile
10 giant beetles
19 cockatrices
5 wolves
9 winter wolf cubs
4 lynxes
a panther
2 gremlins
4 spotted jellies
71 leprechauns
2 orc-captains
8 iron piercers
a mumak
13 giant spiders
4 scorpions
7 horses
3 ice vortices
a baby long worm
3 black lights
6 vampire bats
a forest centaur
5 gnome rulers
8 orc mummies
2 dwarf mummies
an ogre
4 brown puddings
7 rust monsters
7 owlbears
a yeti
4 gold golems
a werewolf
2 Green-elves
2 piranha
12 giant eels
15 lizards
2 chickatrices
2 dingoes
3 dogs
a jaguar
a dwarf leader
5 blue jellies
4 white unicorns
a gray unicorn
8 dust vortices
7 ravens
5 plains centaurs
5 gnome mummies
5 snakes
8 apes
19 human zombies
a rope golem
24 soldier ants
14 fire ants
29 bugbears
3 imps
3 lemures
4 quasits
3 wood nymphs
23 water nymphs
4 mountain nymphs
11 Mordor orcs
3 Uruk-hai
3 orc shamans
9 rock piercers
6 rock moles
4 ponies
3 fog clouds
3 yellow lights
3 shriekers
2 violet fungi
21 gnome leaders
10 gnomish wizards
5 kobold mummies
a black naga hatchling
2 gray oozes
5 barrow wights
16 elf zombies
12 ghouls
3 straw golems
3 paper golems
3 jellyfish
22 giant ants
a little dog
10 floating eyes
2 kittens
17 dwarves
4 kobold leaders
5 kobold shamans
26 hill orcs
7 rothes
3 rabid rats
a centipede
2 giant bats
3 monkeys
14 orc zombies
9 dwarf zombies
a wererat
3 werejackals
9 iguanas
63 killer bees
3 acid blobs
3 coyotes
2 gas spores
4 hobbits
3 manes
a large kobold
34 hobgoblins
8 giant rats
7 cave spiders
a brown mold
4 yellow molds
4 green molds
a red mold
46 gnomes
17 garter snakes
13 gnome zombies
8 geckos
17 jackals
a fox
2 kobolds
6 goblins
6 sewer rats
5 grid bugs
3 bats
7 lichens
14 kobold zombies
11 newts
1728 creatures vanquished.

Genocided or extinct species:

master mind flayers
erinyes (extinct)
1 species genocided.
1 species extinct.

Voluntary challenges:

You read items or engraved 100 times.
You never engraved Elbereth.
You genocided 1 type of monster.
You used 5 wishes.
You did not wish for any artifacts.
You did not violate any of the special Sokoban rules.

Achievements:

You attained the rank of Cutpurse.
You entered the Gnomish Mines.
You entered a shop.
You attained the rank of Rogue.
You entered Minetown.
You entered a temple.
You entered Sokoban.
You completed Sokoban.
You attained the rank of Pilferer.
You completed the Gnomish Mines.
You entered the Big Room.
You defeated Medusa.
You learned the tune to open and close the Castle's drawbridge.
You entered Gehennom.
You attained the rank of Robber.
You handled the Bell of Opening.
You handled the Candelabrum of Invocation.
You handled the Book of the Dead.
You gained access to Moloch's Sanctum.
You reached the Elemental Planes.
You reached the Astral Plane.
You delivered the Amulet of Yendor.
You ascended!

The Elemental Planes:

   Astral Plane: <- You are here.
Some temples.
Plane of Water:
Plane of Fire:
Plane of Air:
Plane of Earth:

The Dungeons of Doom: levels 1 to 27

   Level 1:
A sink.
One way stairs up to The Elemental Planes.
Level 2:
Some fountains.
Level 3:
A general store, an altar to Kos, some fountains.
Stairs down to The Gnomish Mines.
Level 4:
Level 5:
Level 6: "coaligned uni"
Level 7:
A fountain, a grave.
Level 8:
Level 9:
Some fountains.
Oracle of Delphi.
Level 10:
Stairs up to Sokoban, level 9.
Level 11:
Some fountains.
Level 12:
A very big room.
Level 13:
A temple.
Level 14: "backup BoH in closet"
A temple to Kos.
Level 15:
Some fountains.
Level 16:
Portal to The Quest.
Level 17:
A primitive area.
Level 18:
Level 19:
A grave.
Level 20:
A fountain.
Level 21:
A fountain.
Level 22:
Level 23: "stash (cancelled) >"
Level 24:
Level 25:
Level 26:
A sink.
Level 27:
A fountain.
The castle (play notes "FABFB" to open or close drawbridge).
Connection to Gehennom.

Gehennom: levels 28 to 49

   Level 28:
A temple, many graves.
Valley of the Dead.
Level 29:
Level 30:
Level 31:
Many fountains.
Level 32:
Level 33:
Level 34:
Level 35:
Level 36:
Level 37:
Level 38:
Stairs up to Vlad's Tower, level 37.
Level 39:
Level 40:
Level 41:
Some shops, an altar, many graves.
Level 42:
Level 43:
Level 44:
Level 45:
Level 46:
Level 47:
Level 48:
Level 49:
A temple, many graves.
Moloch's Sanctum.

The Gnomish Mines: levels 4 to 11

   Level 4:
Level 5:
Level 6: "backup mithril"
Many shops, a temple, some fountains.
Level 7:
Level 8:
Level 9:
Level 10:
Level 11:
A fountain.

The Quest: levels 1 to 5

   Level 1:
Completed quest for the Master of Thieves.
Level 2:
Level 3:
Level 4:
Level 5:

Sokoban: levels 9 up to 6

   Level 6:
Solved.
Level 7:
Solved.
Level 8:
Solved.
Level 9: "food, bag of tricks 0"
Solved.

Vlad's Tower: levels 37 up to 35

   Level 35:
Level 36:
Level 37:

Goodbye rustyspoon the Demigoddess...


You went to your reward with 1621156 points,
Stormbringer (worth 8000 zorkmids and 20000 points)
The Master Key of Thievery (worth 3500 zorkmids and 8750 points)
and 0 pieces of gold, after 33763 moves.
You were level 15 with a maximum of 206 hit points when you ascended.